 Dungeon Crawl Stone Soup version 0.19.1 (webtiles) character file.

33 Faustar the Grave Robber (level 3, -1/28 HPs)
             Began as a Hill Orc Necromancer on Dec 22, 2016.
             Slain by a hobgoblin
             ... wielding a +0 club
              (3 damage)
             ... on level 2 of the Dungeon.
             The game lasted 00:04:34 (1404 turns).

Faustar the Grave Robber (Hill Orc Necromancer)     Turns: 1404, Time: 00:04:34

Health: -1/28      AC:  2    Str: 13    XL:     3   Next: 29%
Magic:  1/6        EV: 12    Int: 16    God:
Gold:   27         SH:  0    Dex: 11    Spells: 2 memorised, 4 levels left

rFire  . . .     SeeInvis .     d - +0 dagger
rCold  . . .     Gourm    .     a - +0 robe
rNeg   . . .     Faith    .     (no shield)
rPois  .         Spirit   .     (no helmet)
rElec  .         Reflect  .     (no cloak)
rCorr  .         Harm     .     (no gloves)
MR     .....                    (no boots)
Stlth  ++........               (no amulet)
                                (no ring)
                                j - +3 ring of strength

@: no status effects
A: no striking features
a: no special abilities


You were on level 2 of the Dungeon.
You were not hungry.

You visited 1 branch of the dungeon, and saw 2 of its levels.

You collected 27 gold pieces.

Inventory:

Hand Weapons
 d - a +0 dagger (weapon)
Missiles
 e - 35 stones (quivered)
Armour
 a - a +0 robe (worn)
Jewellery
 j - a +3 ring of strength (left hand)
Scrolls
 h - a scroll of fog {unknown}
 i - a scroll of remove curse {unknown}
 k - a scroll of identify {unknown}
 m - a scroll of enchant weapon {unknown}
Potions
 f - 2 potions of mutation {unknown}
 g - a potion of might {unknown}
Books
 b - a book of Necromancy

   Spells                             Type                      Level
   a - Pain                           Necromancy                   1
   b - Animate Skeleton               Necromancy                   1
   c - Vampiric Draining              Necromancy                   3
   d - Regeneration                   Charms/Necromancy            3
   e - Animate Dead                   Necromancy                   4
   f - Control Undead                 Necromancy                   4
Comestibles
 c - a bread ration


   Skills:
 - Level 1.6 Fighting
 - Level 1.0 Short Blades
 - Level 1.5 Dodging
 - Level 1.5 Stealth
 + Level 2.2 Spellcasting
 - Level 4.0 Necromancy


You had 4 spell levels left.
You knew the following spells:

 Your Spells              Type           Power        Failure   Level  Hunger
a - Pain                  Necr           ##..         4%          1    #......
b - Animate Skeleton      Necr           N/A          4%          1    #......


Dungeon Overview and Level Annotations

Branches:
Dungeon (2/15)

Altars:


Message History

Aiming: Pain
Press: ? - help, Shift-Dir - straight line, f - hobgoblin
Aim: a hobgoblin, wielding a club (chance to defeat MR: 85%)
The hobgoblin writhes in agony!
The hobgoblin hits you with a club.
* * * LOW HITPOINT WARNING * * *
You closely miss the hobgoblin.
The hobgoblin is heavily wounded.
The hobgoblin hits you with a club.
* * * LOW HITPOINT WARNING * * *
You hit the hobgoblin.
The hobgoblin is severely wounded.
The hobgoblin closely misses you.
You closely miss the hobgoblin.
The hobgoblin is severely wounded.
The hobgoblin barely misses you. The hobgoblin hits you with a club.
* * * LOW HITPOINT WARNING * * *
You barely miss the hobgoblin.
The hobgoblin is severely wounded.
The hobgoblin hits you with a club.
You die...

.##. ... #
..####.# ....#.#
####...#.#
........# #
#..g..#
....####..@..#
.......<.g...#
........†.....#
...............#
...............#
...............#
............$###
.........###...
?......... .#.


You could see 2 hobgoblins.

Vanquished Creatures
  An adder (D:2)
  2 giant cockroaches
  3 goblins
  2 hobgoblins (D:1)
  6 jackals (D:1)
  4 frilled lizards (D:1)
  5 kobolds (D:1)
23 creatures vanquished.

Notes
Turn   | Place    | Note
-------+----------+-------------------------------------------
     0 | D:1      | Faustar the Hill Orc Necromancer began the quest for the Orb.
     0 | D:1      | Reached XP level 1. HP: 14/14 MP: 3/3
    96 | D:1      | Reached skill level 1 in Fighting
   371 | D:1      | Reached XP level 2. HP: 23/23 MP: 2/4
   633 | D:1      | Reached skill level 1 in Short Blades
   639 | D:1      | Learned a level 1 spell: Animate Skeleton
  1396 | D:2      | Reached XP level 3. HP: 17/28 MP: 1/6
  1404 | D:2      | Slain by a hobgoblin

Skill      XL: |  1  2 |
---------------+-------+-----
Fighting       | 1 |  1.6
Short Blades   | 1 |  1.0
Spellcasting   | 2 |  2.2
Dodging        | |  1.5
Stealth        | |  1.5
Necromancy     | |  4.0

Action                   || total
-------------------------++-------
Melee: Dagger            ||    40
       Unarmed           ||     4
 Cast: Pain              ||    24
       Animate Skeleton  ||     1
 Stab: Sleeping          ||     3
  Eat: Chunk             ||     2
Armor: Robe              ||     6
Dodge: Dodged            ||    24
